 Dungeon Crawl Stone Soup version 0.31.0-11-ge490571c62 (webtiles) character file.

Game seed: 5794840882914201998

559 qw the Shooter (level 7, 0/35 HPs)
             Began as a Spriggan Hunter on Feb 3, 2024.
             Succumbed to a scorpion's poison
             ... on level 5 of the Dungeon.
             The game lasted 00:00:12 (3467 turns).

qw the Shooter (Spriggan Hunter)                    Turns: 3467, Time: 00:00:13

Health: 0/35       AC:  3    Str:  6 (7)  XL:     7   Next: 9%
Magic:  8/8        EV: 21    Int:  9 (11) God:
Gold:   328        SH:  0    Dex: 19 (20) Spells: 6/6 levels left

rFire   . . .        a - +0 shortbow
rCold   . . .        (shield currently unavailable)
rNeg    . . .        c - +0 robe
rPois   .            (helmet restricted)
rElec   .            k - +0 cloak
rCorr   .            (gloves unavailable)
SInv    +            (boots unavailable)
Will    +....        (no amulet)
Stlth   ++           (no ring)
HPRegen 0.25/turn    (no ring)
MPRegen 0.11/turn

%: no passive effects
@: lethally poisoned (0 -> -3), hasted, very quick
A: very small, no large weapons, unfitting armour, see invisible, speed 3
a: no special abilities


You were on level 5 of the Dungeon.
You visited 1 branch of the dungeon, and saw 5 of its levels.

You collected 328 gold pieces.


Innate Abilities, Weirdness & Mutations

You are very small and have problems with some larger weapons.
You are too small for most types of armour.
You have supernaturally acute eyesight. (SInv)
You cover ground extremely quickly. (Speed+++)


   Skills:
 - Level 2.3 Fighting
 - Level 7.2 Ranged Weapons
 + Level 6.0 Dodging
 - Level 1.5 Stealth


You had 6 spell levels left.
You didn't know any spells.
Your spell library was empty.

Inventory:

Hand Weapons
 a - a +0 shortbow (weapon)
Armour
 c - a +0 robe (worn)
 k - a +0 cloak (worn)
Wands
 b - a wand of polymorph (5)
 g - a wand of flame (13)
 i - a wand of acid (4)
Potions
 d - a potion of cancellation
 e - a potion of might
 f - 3 potions of curing
 m - a potion of haste

Dungeon Overview and Level Annotations

Branches:
Dungeon (5/15)
 Temple: D:4-7

Altars:
Sif Muna
Zin


Message History

The water moccasin bites you.
You shoot an arrow.
The arrow closely misses the water moccasin.
The scorpion completely misses you.
The water moccasin completely misses you.
You shoot an arrow. The arrow hits the water moccasin!
The water moccasin is severely wounded.
The scorpion completely misses you.
The water moccasin bites you but does no damage.
You shoot an arrow.
The arrow closely misses the water moccasin.
The water moccasin closely misses you. The scorpion barely misses you.
You shoot an arrow.
The arrow completely misses the water moccasin.
The water moccasin completely misses you.
The scorpion stings you.
You are poisoned.
The scorpion poisons you!
You shoot an arrow. The arrow misses the water moccasin.
You feel sick. The water moccasin bites you. The scorpion closely misses you.
You shoot an arrow. The arrow hits the water moccasin.
The water moccasin is severely wounded.
You feel sick.
The water moccasin completely misses you.
You shoot an arrow. The arrow hits the water moccasin.
The water moccasin is almost dead.
You feel sick. The scorpion misses you. The water moccasin barely misses you.
You shoot an arrow. The arrow hits the water moccasin.
You kill the water moccasin!
You feel sick. The scorpion misses you.
You feel your dexterity returning.
Your Ranged Weapons skill increases to level 7!
You have reached level 7!
You shoot an arrow. The arrow hits the scorpion!
The scorpion is heavily wounded.
The scorpion stings you.
You shoot an arrow.
The arrow hits the scorpion but does no damage.
The scorpion is heavily wounded.
You die...

#. . ######### .
###.......# #.##.# #
#.#...#####.# #.##.#
.#.#.#.#.# #.# #.##.#
.........# #.# #.##.#
.......#.# #.# #.##.#
....##@.#####.# #.##.#
...#
#%s......###.##.## .##
..................
....#########.##.##
#..... #.##.# .......
#.##.#
........#######.##.##
.........+.......##...
#############


You could see a scorpion.

Vanquished Creatures
  A water moccasin (D:5)
  A phantom (D:5)
  A scorpion (D:4)
  A jelly (D:4)
  A bombardier beetle (D:3)
  A gnoll bouda (D:4)
  An iguana (D:4)
  8 gnolls (D:4)
  6 adders
  A ribbon worm (D:4)
  An orc (D:3)
  5 ball pythons
  5 endoplasms
  5 giant cockroaches
  7 goblins
  5 hobgoblins
  3 jackals (D:1)
  5 kobolds
  7 quokkas
  7 bats
  3 frilled lizards
  A rat (D:1)
76 creatures vanquished.

Notes
Turn   | Place    | Note
-------+----------+-------------------------------------------
     0 | D:1      | qw the Spriggan Hunter began the quest for the Orb.
     0 | D:1      | Reached XP level 1. HP: 10/10 MP: 2/2
     0 | D:1      | 0 ||| qw: Version: 0.3-a-157-g843a77d
     0 | D:1      | 0 ||| qw: Game counter: 3980
     0 | D:1      | 0 ||| qw: Melee chars always use a shield: true
     0 | D:1      | 0 ||| qw: God list: Okawaru
     0 | D:1      | 0 ||| qw: Allow faded altars: false
     0 | D:1      | 0 ||| qw: Do Orc after clearing Dungeon:15 true
     0 | D:1      | 0 ||| qw: Do second Lair branch before Depths: true
     0 | D:1      | 0 ||| qw: Lair rune preference: random
     0 | D:1      | 0 ||| qw: Goals: Normal
     0 | D:1      | 0 ||| PLANNING D:1-11
    34 | D:1      | Reached skill level 3 in Dodging
   130 | D:1      | Reached XP level 2. HP: 14/14 MP: 3/3
   551 | D:1      | Reached XP level 3. HP: 18/18 MP: 4/4
   796 | D:1      | 796 ||| UPGRADING to +0 cloak.
   801 | D:1      | 801 ||| READING scroll labelled GAGIXK NOBI.
   902 | D:1      | 902 ||| READING scroll labelled PEOGHANNEAT.
   903 | D:1      | 903 ||| READING scroll labelled SAAFIL JEVOSSE.
   903 | D:1      | 903 ||| IDENTIFYING fizzy yellow potion
   904 | D:1      | 904 ||| DRINKING 3 sapphire potions.
   905 | D:1      | 905 ||| DROPPING scroll of butterflies.
  1018 | D:2      | Found a glowing silver altar of Zin.
  1581 | D:2      | 1581 ||| READING scroll of identify.
  1581 | D:2      | 1581 ||| IDENTIFYING viscous white potion
  1583 | D:2      | 1583 ||| DRINKING 3 coppery potions.
  1584 | D:2      | 1584 ||| DRINKING 2 bubbling purple potions.
  1585 | D:2      | 1585 ||| FLEEEEING.
  1586 | D:2      | 1586 ||| FLEEEEING.
  1587 | D:2      | 1587 ||| FLEEEEING.
  1588 | D:2      | 1588 ||| FLEEEEING.
  1589 | D:2      | 1589 ||| FLEEEEING.
  1590 | D:2      | 1590 ||| FLEEEEING.
  1591 | D:2      | 1591 ||| FLEEEEING.
  1592 | D:2      | 1592 ||| FLEEEEING.
  1593 | D:2      | 1593 ||| FLEEEEING.
  1594 | D:2      | 1594 ||| FLEEEEING.
  1595 | D:2      | 1595 ||| STAIRDANCE
  1697 | D:1      | 1697 ||| DROPPING potion of berserk rage.
  2125 | D:3      | Reached skill level 5 in Ranged Weapons
  2210 | D:3      | Reached XP level 4. HP: 22/22 MP: 5/5
  2554 | D:3      | 2554 ||| READING scroll labelled SYAHENKE WAERGHOTOL.
  2596 | D:3      | 2596 ||| READING scroll labelled CUKHEN VANEST.
  2597 | D:3      | 2597 ||| DRINKING 3 fuming clear potions.
  2681 | D:4      | Reached XP level 5. HP: 26/26 MP: 6/6
  2874 | D:4      | Reached skill level 6 in Ranged Weapons
  2903 | D:4      | Reached XP level 6. HP: 30/30 MP: 7/7
  2904 | D:4      | 2904 ||| RETREEEEATING.
  2905 | D:4      | 2905 ||| RETREEEEATING.
  2906 | D:4      | 2906 ||| RETREEEEATING.
  2908 | D:4      | 2908 ||| RETREEEEATING.
  2914 | D:4      | HP: 7/30 [gnoll/+0 whip[a gnoll bouda] (3)]
  2915 | D:4      | 2915 ||| DRINKING 2 potions of heal wounds.
  2936 | D:4      | Reached skill level 6 in Dodging
  2936 | D:4      | HP: 3/30 [gnoll/+0 halberd (8)]
  2937 | D:4      | 2937 ||| DRINKING potion of heal wounds.
  3238 | D:4      | 3238 ||| DRINKING 2 pink potions.
  3239 | D:4      | 3239 ||| DROPPING potion of degeneration.
  3273 | D:5      | Entered Level 5 of the Dungeon
  3298 | D:5      | Found a shimmering blue altar of Sif Muna.
  3444 | D:5      | Noticed a water moccasin
  3445 | D:5      | 3445 ||| DRINKING 2 potions of haste.
  3462 | D:5      | HP: 4/30 [water moccasin (4)]
  3465 | D:5      | Killed a water moccasin
  3465 | D:5      | HP: 1/30 [poisoned by a scorpion]
  3466 | D:5      | Reached skill level 7 in Ranged Weapons
  3466 | D:5      | Reached XP level 7. HP: 1/35 MP: 8/8
  3467 | D:5      | Succumbed to a scorpion's poison

Levels and vault maps discovered:
D:1:      nzn_arrival_water_spiral, layout_loops_ring, bh_walls_and_bars
D:2:      layout_rooms, serial_co_window_serial, co_window_of_opportunity_a,
          co_window_paths_b, co_window_paths_b, co_window_cross_1,
          co_window_cross_1, co_window_cross_2, co_window_broadway_c,
          co_window_2corner, co_window_broadway_c, co_window_broadway_a,
          co_window_broadway_a, co_window_paths_c, glass_columns_b,
          glass_columns_b, basic_altar
D:3:      layout_basic, kennysheep_path_1, eino_tiny_chamber
D:4:      layout_cave_pools, minmay_crystal_room, dk_noncrumbling_4
D:5:      layout_basic, amcnicky_altar_gilded, minmay_misc_feat_secret_circle,
          minmay_bent

Skill      XL: |  1  2  3  4  5  6 |
---------------+-------------------+-----
Dodging        | 3 4 5 6 |  6.0
Ranged Weapons | 5 6 7 |  7.2
Fighting       | 2 |  2.3
Stealth        | |  1.5

Action                     |  1- 3 |  4- 6 |  7- 9 || total
---------------------------+-------+-------+-------++-------
   Fire: Shortbow          |   132 |   144 |     2 ||   278
    Use: Scroll            |     4 |     2 |       ||     6
         Potion            |     3 |     5 |       ||     8
 Armour: Robe              |    11 |    27 |     1 ||    39
  Dodge: Dodged            |    53 |    94 |       ||   147

Table legend:
 A = Non-vault XP
 B = Vault XP
 C = Vault XP percentage of total XP
 D = Non-vault monster count
 E = Vault monster count
 F = Vault count percentage of total count
                 A         B        C        D         E       F
            +---------+---------+-------+---------+---------+-------
      Total |     799 |       0 |   0.0 |      76 |       0 |   0.0
            +---------+---------+-------+---------+---------+-------
        D:1 |      43 |       0 |   0.0 |      25 |       0 |   0.0
        D:2 |      15 |       0 |   0.0 |       9 |       0 |   0.0
        D:3 |      88 |       0 |   0.0 |      13 |       0 |   0.0
        D:4 |     382 |       0 |   0.0 |      25 |       0 |   0.0
        D:5 |     271 |       0 |   0.0 |       4 |       0 |   0.0
            +---------+---------+-------+---------+---------+-------
